 Dungeon Crawl Stone Soup version 0.26-a0-652-gafc20e3620 (webtiles) character file.

Game seed: 13808646582212767095

644 Conn the Magician (level 7, -2/36 HPs)
             Began as a Deep Elf Hedge Wizard on Oct 3, 2020.
             Was an Initiate of Sif Muna.
             Slain by a hippogriff (8 damage)
             ... on level 7 of the Dungeon.
             The game lasted 00:18:26 (5318 turns).

Conn the Magician (Deep Elf Hedge Wizard)           Turns: 5318, Time: 00:18:27

Health: -2/36      AC:  3    Str:  7    XL:     7   Next: 27%
Magic:  0/19       EV: 13    Int: 21    God:    Sif Muna [......]
Gold:   356        SH:  0    Dex: 14    Spells: 9/20 levels left

rFire    + . .     SeeInvis .   n - +2 hand axe (elec)
rCold    x . .     Faith    .   (no shield)
rNeg     . . .     Spirit   +   b - +0 robe
rPois    .         Reflect  .   s - +0 helmet
rElec    .         Harm     .   (no cloak)
rCorr    .         Rampage  .   (no gloves)
MR       .....                  (no boots)
Stlth    ++........             l - amulet of guardian spirit
HPRegen  0.12/turn              e - ring of fire
MPRegen  0.16/turn              (no ring)

@: no status effects
A: no striking features
a: Renounce Religion


You were on level 7 of the Dungeon.
You worshipped Sif Muna.
Sif Muna was noncommittal.
You visited 2 branches of the dungeon, and saw 6 of its levels.

You collected 356 gold pieces.

Inventory:

Hand Weapons
 a - a +0 dagger
 n - a +2 hand axe of electrocution (weapon)
Missiles
 f - 6 boomerangs
 r - 11 poisoned darts (quivered)
Armour
 b - a +0 robe (worn)
 c - a +0 hat
 s - a +0 helmet (worn)
Jewellery
 e - a ring of fire (left hand)
 l - an amulet of guardian spirit (around neck)
Wands
 p - a wand of digging (3)
Scrolls
 d - 2 scrolls of fog {unknown}
 g - 4 scrolls of teleportation {unknown}
 h - 4 scrolls of enchant armour {unknown}
 i - a scroll of amnesia {unknown}
 j - 4 scrolls of fear {unknown}
 m - 2 scrolls of remove curse {unknown}
 t - a scroll of random uselessness {unknown}
 v - a scroll of enchant weapon {unknown}
 w - 2 scrolls of identify {unknown}
 x - a scroll of magic mapping {unknown}
Potions
 k - 4 potions of lignification {unknown}
 o - 2 potions of curing {unknown}
 q - a potion of brilliance {unknown}
 u - a potion of stabbing {unknown}


   Skills:
 + Level 0.3 Fighting
 + Level 0.7 Axes
 + Level 1.3 Throwing
 + Level 2.9 Dodging
 + Level 3.3 Stealth
 * Level 7.1 Spellcasting
 * Level 3.2 Conjurations
 * Level 2.7 Summonings
 * Level 2.7 Translocations
 * Level 2.0 Fire Magic
 * Level 1.8 Air Magic
 * Level 1.7 Poison Magic


You had 9 spell levels left.
You knew the following spells:

 Your Spells              Type           Power        Failure   Level
a - Magic Dart            Conj           ###.         2%          1
b - Blink                 Tloc           N/A          4%          2
c - Call Imp              Summ           ###.....     4%          2
d - Conjure Flame         Conj/Fire      ####....     9%          3
e - Mephitic Cloud        Conj/Pois/Air  ###.....     11%         3

Your spell library contained the following spells:

 Spells                   Type           Power        Failure   Level
 Slow                     Hex            #.......     13%         2


Dungeon Overview and Level Annotations

Branches:
Dungeon (4/15)             Temple (1/1) D:4

Altars:
Ashenzari
Cheibriados
Dithmenos
Elyvilon
Fedhas
Gozag
Hepliaklqana
Makhleb
Okawaru
Ru
Sif Muna
Xom
The Shining One


Message History

You blink.
Okay, then.
Okay, then.
Unknown command.
Unknown command.
Casting: Blink (safe; 4% risk of failure)
Confirm with . or Enter, or press ? or * to list all spells.
Aiming: Magic Dart (safe; 2% risk of failure)
Press: ? - help, Shift-Dir - straight line, f/p - hippogriff
Aim: a hippogriff (almost dead)
The magic dart hits the hippogriff.
The hippogriff is almost dead.
The hippogriff bites you but does no damage.
The hippogriff pecks you.
* * * LOW HITPOINT WARNING * * *
The hippogriff closely misses you.
You barely miss the hippogriff.
The hippogriff is almost dead.
The hippogriff bites you!
You die...

#..#..#......# #
###.#..###..... ..
#......# ...... ...
#...#.## #.... ....
####5###.# ##.####.....
#....c##.# #...........
#.....##.# #...........
#........#.###...........
#..........##@H.........#
#....((######..........##
#....[c..5..........####
#.....########......#
####### #......# ########


You could see a hippogriff.

Vanquished Creatures
  Sigmund (D:3)
  Duvessa (D:4)
  A bullfrog (D:7)
  A scorpion (D:4)
  Dowan (D:4)
  2 worker ants (D:4)
  An adder (D:3)
  An ooze (D:2)
  3 worms (D:4)
  4 dart slugs
  4 leopard geckos
  6 orcs
  A ball python (D:4)
  7 bats
  3 giant cockroaches
  7 goblins
  8 hobgoblins
  5 kobolds
  2 quokkas
  7 frilled lizards
  4 rats
70 creatures vanquished.

Vanquished Creatures (collateral kills)
  An ogre (D:4)
  An orc wizard (D:2)
  A hound (D:4)
  4 adders
  3 gnolls (D:3)
  A shadow imp (D:7)
  A worm (D:4)
  A leopard gecko (D:3)
  An orc (D:3)
  A hobgoblin (D:3)
15 creatures vanquished.

Grand Total: 85 creatures vanquished

Notes
Turn   | Place    | Note
-------+----------+-------------------------------------------
     0 | D:1      | Conn the Deep Elf Hedge Wizard began the quest for the Orb.
     0 | D:1      | Reached XP level 1. HP: 10/10 MP: 7/7
   190 | D:1      | Reached skill level 5 in Spellcasting
   243 | D:1      | Found a broken altar of Ashenzari.
   274 | D:1      | Reached XP level 2. HP: 15/15 MP: 7/10
  1127 | D:1      | Reached XP level 3. HP: 17/19 MP: 3/12
  1131 | D:1      | Learned a level 2 spell: Blink
  1134 | D:1      | Learned a level 2 spell: Call Imp
  1138 | D:1      | Learned a level 3 spell: Conjure Flame
  1142 | D:1      | Learned a level 3 spell: Mephitic Cloud
  1657 | D:2      | Found a sacrificial altar of Ru.
  1673 | D:2      | Reached XP level 4. HP: 16/24 MP: 5/13
  2034 | D:2      | Found an iron altar of Okawaru.
  2502 | D:3      | Reached skill level 1 in Fire Magic
  2518 | D:3      | Reached skill level 1 in Air Magic
  3164 | D:3      | Noticed Sigmund
  3269 | D:3      | Killed Sigmund
  3269 | D:3      | Reached skill level 6 in Spellcasting
  3269 | D:3      | Reached skill level 1 in Poison Magic
  3269 | D:3      | Reached XP level 5. HP: 26/28 MP: 7/15
  4348 | D:4      | Reached XP level 6. HP: 32/32 MP: 15/17
  4358 | D:4      | Found a white marble altar of Elyvilon.
  4358 | D:4      | Found a blossoming altar of Fedhas.
  4359 | D:4      | Found an opulent altar of Gozag.
  4831 | D:4      | Noticed Dowan
  4876 | D:4      | Noticed Duvessa
  4895 | D:4      | Killed Dowan
  4895 | D:4      | Reached skill level 1 in Throwing
  4897 | D:4      | Killed Duvessa
  4897 | D:4      | Reached XP level 7. HP: 36/36 MP: 8/19
  4995 | D:4      | Reached skill level 7 in Spellcasting
  5012 | D:4      | Found a staircase to the Ecumenical Temple.
  5029 | Temple   | Entered the Ecumenical Temple
  5188 | Temple   | Became a worshipper of Sif Muna the Loreminder
  5241 | D:4      | You fall into a shaft and drop 3 floors!
  5277 | D:7      | Noticed a hippogriff
  5318 | D:7      | Slain by a hippogriff

Illustrated notes

Levels and vault maps discovered:
D:1:      co_arrival_square_in_a_square_in_a_square, layout_loops_ring,
          nicolae_ashenzari_panopticon
D:2:      layout_loops_ring, lemuel_doored_altar,
          nicolae_ru_great_annihilating_truth, minmay_tromino_v2
D:3:      layout_loops_corners, uniq_sigmund
D:4:      layout_loops_cross, chequers_temple_overflow_statue_of_worship,
          minmay_temple_entry_trees, uniq_menkaure, uniq_duvessa
D:7:      layout_rooms, lemuel_crystal_altar, marbit_many_paths, serial_shops,
          nicolae_shop_stone
Temple:   minmay_temple_forest_path

Skill      XL: |  1  2  3  4  5  6  7 |
---------------+----------------------+-----
Spellcasting   | 5 6 7 |  7.1
Fire Magic     | 1 2 |  2.0
Air Magic      | 1 |  1.8
Conjurations   | 2 3 |  3.2
Poison Magic   | 1 |  1.7
Stealth        | 3 |  3.3
Summonings     | 2 |  2.7
Translocations | 2 |  2.7
Throwing       | 1 |  1.3
Fighting       | |  0.3
Axes           | |  0.7
Dodging        | |  2.9

Action                   |  1- 3 |  4- 6 |  7- 9 || total
-------------------------+-------+-------+-------++-------
Melee: Dagger            |    33 |    38 |       ||    71
       Hand axe          |       |    91 |    21 ||   112
Throw: Boomerang         |       |     2 |       ||     2
       Dart              |       |    10 |     2 ||    12
 Cast: Magic Dart        |    65 |    34 |     1 ||   100
       Call Imp          |     1 |    22 |     2 ||    25
       Blink             |       |     4 |     1 ||     5
       Mephitic Cloud    |       |     1 |     1 ||     2
 Stab: Sleeping          |     4 |     8 |     1 ||    13
       Paralysed         |       |     1 |       ||     1
       Distracted        |       |     1 |       ||     1
Armor: Robe              |     6 |    34 |     5 ||    45
Dodge: Dodged            |    39 |   118 |    19 ||   176

Table legend: (Time is in decaauts)
 A = Elapsed time spent in this place.
 B = Non-inter-level travel time spent in this place.
 C = Inter-level travel time spent in this place.
 D = Time resting spent in this place.
 E = Time spent auto-exploring this place.
 F = Levels seen in this place.
 G = Mean time per level.
                   A        B        C        D        E       F      G
               +--------+--------+--------+--------+--------+-----+--------+
         Total |   5349 |   5230 |    119 |    886 |   2710 |   6 |  891.5 |
       Dungeon |   5159 |   5068 |     91 |    886 |   2587 |   5 | 1031.8 |
        Temple |    189 |    161 |     28 |      0 |    123 |   1 |  189.0 |
               +--------+--------+--------+--------+--------+-----+--------+

Top non-repeatable levels by time:
     D:3: 1782 daAuts
     D:1: 1312 daAuts
     D:4: 1021 daAuts
     D:2: 962 daAuts
  Temple: 189 daAuts
     D:7: 79 daAuts
